 Dungeon Crawl Stone Soup version 0.19.5 (webtiles) character file.

38433 Gargoyl the Protected (level 14, -21/119 HPs)
             Began as a Ghoul Abyssal Knight on Mar 1, 2017.
             Was a Believer of Lugonu.
             Demolished by a very large slime creature (53 damage)
             ... on level 11 of the Dungeon.
             The game lasted 00:58:13 (24239 turns).

Gargoyl the Protected (Ghoul Abyssal Knight)       Turns: 24239, Time: 00:58:14

Health: -21/119    AC: 22    Str: 20    XL:     14   Next: 2%
Magic:  20/21      EV:  8    Int:  7    God:    Lugonu [**....]
Gold:   794        SH:  0    Dex: 12    Spells: 0 memorised, 13 levels left

rFire  . . .     SeeInvis .     n - +1 battleaxe (venom)
rCold  + . .     Gourm    .     q - +0 plate armour
rNeg   + + +     Faith    .     (shield currently unavailable)
rPois  ∞         Spirit   .     f - +2 helmet
rElec  .         Reflect  .     v - +0 cloak
rCorr  .         Harm     .     (no gloves)
MR     ++...                    e - +0 pair of boots
Stlth  ..........               P - amulet of magic regeneration
                                l - +3 ring of strength
                                y - ring of protection from magic

@: rotting
A: rotting body, claws 1, carnivore 3, cold resistance 1, negative energy
resistance 3, slow regeneration 1, torment resistance, unbreathing
a: Depart the Abyss, Bend Space, Renounce Religion


You were on level 11 of the Dungeon.
You worshipped Lugonu.
Lugonu was pleased with you.
You were not hungry.

You visited 2 branches of the dungeon, and saw 17 of its levels.
You visited the Abyss 1 time.

You collected 1256 gold pieces.
You spent 462 gold pieces at shops.

Inventory:

Hand Weapons
 h - a +1 war axe of flaming
 n - a +1 battleaxe of venom (weapon)
 t - a +0 war axe of venom
 w - a +1 vampiric hand axe
 L - a +1 long sword of venom
Missiles
 I - 3 tomahawks (quivered)
Armour
 e - a +0 pair of boots (worn)
 f - a +2 helmet (worn)
 q - a +0 plate armour (worn)
 v - a +0 cloak (worn)
Jewellery
 l - a +3 ring of strength (right claw)
 o - an uncursed ring of ice
 y - a ring of protection from magic (left claw)
 z - an uncursed ring of fire {unknown}
 N - an uncursed ring of protection from fire
 P - an amulet of magic regeneration (around neck)
 W - an uncursed ring of protection from fire
Wands
 b - a wand of digging (16/24)
 i - a wand of lightning (12/15)
Scrolls
 a - 3 scrolls of fear
 k - 3 scrolls of identify
 m - 8 scrolls of remove curse
 r - 2 scrolls of blinking
 u - 6 scrolls of teleportation
 A - a scroll of recharging
 G - 2 scrolls of magic mapping
Potions
 g - 2 potions of curing
 j - a potion of flight
 x - 2 potions of agility
 B - 3 potions of magic
 C - a potion of ambrosia
 O - 2 potions of heal wounds
 X - a potion of mutation {unknown}
 Z - a potion of invisibility {unknown}
Comestibles
 c - 6 meat rations
 d - 2 royal jellies
 p - 2 slices of pizza
 s - a chunk of flesh


   Skills:
 + Level 9.7 Fighting
 + Level 5.2 Long Blades
 + Level 11.2 Axes
 + Level 0.1 Throwing
 * Level 12.9 Armour
 + Level 3.6 Dodging
 * Level 11.3 Invocations


You had 13 spell levels left.
You didn't know any spells.

Dungeon Overview and Level Annotations

Branches:
Dungeon (11/15)            Temple (0/1) D:6            Lair (6/6) D:11
 Shoals (0/4) Lair:4       Spider (0/4) Lair:3        Slime (0/5) Lair:6
    Orc: D:9-12

Altars:
Cheibriados
Elyvilon
Fedhas
Gozag
Hepliaklqana
Nemelex Xobeh
Sif Muna
Xom
Yredelemnul
Zin
The Shining One

Shops:
D:6 =   D:7 [%?[   D:8 %

Annotations:
Abyss:1 Erica


Innate Abilities, Weirdness & Mutations

Your body is rotting away.
You thrive on raw meat.
You are immune to poison.
You have sharp fingernails.
You are carnivorous and can eat meat at any time.
Your flesh is cold resistant. (rC+)
You are immune to negative energy. (rN+++)
You regenerate slowly when monsters are visible.
You are immune to unholy pain and torment.
You can survive without breathing.


Message History

You slash the slime creature! x2; The slime creature hits you!
The very large slime creature hits you!
The slime creature hits you but does no damage.
The slime creature closely misses you.
You slash the slime creature!
You kill the slime creature!
Lugonu accepts your kill.
You hit the slime creature. x2
You slash the very large slime creature!
The very large slime creature hits you!!!
* * * LOW HITPOINT WARNING * * *
The slime creature hits you.
* * * LOW HITPOINT WARNING * * *
The slime creature hits you but does no damage.
Unknown command.
Space bends around you!
You blink.
* * * LOW HITPOINT WARNING * * *
The hill giant barely misses you.
The very large slime creature hits you!!!
You die...

##......................##
........................
##......................
#......................
#.........#.#..........
###.#...................
#.......####............
.....#### #............
#%...#######..JJ@.....#
..............§Co.....#
..........##...J.....!#
#########......)......# #
###............. #
##..........#. #
#####.#####.. # #... ..
###


You could see a very large slime creature, 2 slime creatures, a hill giant and
an orc.

Vanquished Creatures
  Nessos (Lair:4)
  Fannar (D:10)
  2 hydras
  4 black mambas
  9 elephants (Lair:6)
  Joseph (D:7)
  A molten gargoyle (Lair:3)
  8 spiny frogs
  A gargoyle (D:10)
  A rime drake (Lair:2)
  2 komodo dragons (Lair:3)
  5 hippogriffs
  3 slime creatures
  9 dream sheep
  21 blink frogs
  Sigmund (D:2)
  A tarantella (Lair:3)
  3 wyverns
  19 yaks
  A hungry ghost (D:9)
  A basilisk (Lair:5)
  Edmund (D:4)
  16 water moccasins
  2 orc warriors
  14 porcupines
  5 ice beasts
  3 sky beasts
  A phantom (D:10)
  An eye of draining (D:10)
  A necrophage (D:8)
  7 ogres
  2 centaurs
  9 crocodiles
  A big kobold (D:10)
  18 bullfrogs
  A wyvern zombie (D:10)
  4 scorpions
  13 killer bees
  4 howler monkeys
  5 wights (D:7)
  2 vampire bats (Lair:4)
  5 lava snakes (Lair:3)
  A crimson imp (D:10)
  A bullfrog zombie (D:5)
  4 centaur zombies
  5 hounds
  8 orc priests
  5 jellies
  2 bullfrog skeletons
  A centaur skeleton (D:4)
  3 iguanas
  Jessica (D:2)
  9 orc wizards
  9 worker ants
  A hound zombie (D:9)
  3 hound skeletons
  A worker ant zombie (D:10)
  11 gnolls
  2 howler monkey skeletons
  A river rat (D:9)
  15 adders
  2 shadow imps (D:5)
  2 oozes
  4 adder skeletons
  3 worms
  2 dart slugs
  6 leopard geckos
  32 orcs
  5 giant cockroaches
  3 hobgoblins
  20 jackals
  7 kobolds
  4 quokkas
  9 bats
  3 frilled lizards (D:1)
  8 goblins
  A jackal skeleton (D:6)
  A quokka skeleton (D:5)
  4 rats
  4 fungi
  14 plants
427 creatures vanquished.

Vanquished Creatures (others)
  2 dire elephants (Lair:6)
  A hydra (Lair:1)
  The ghost of tschems the Cleaver, a journeyman HuFi of Okawaru (Lair:1)
  An anaconda (Lair:6)
  The ghost of Naow the Destroyer, a journeyman DECj of Vehumet (Lair:1)
  The ghost of Kosschaser the Grappler, a novice TrMo of Nemelex Xobeh (D:7)
  3 skeletal warriors
  An oklob plant (Lair:1)
  3 black mambas
  A molten gargoyle (Lair:3)
  A spiny frog (Lair:1)
  A komodo dragon (Lair:3)
  An orc warrior (D:7)
  A jelly (D:10)
  A fulminant prism (Lair:1)
  8 fungi
  6 plants (Lair:6)
34 creatures vanquished.

Grand Total: 461 creatures vanquished

Notes
Turn   | Place    | Note
-------+----------+-------------------------------------------
     0 | Abyss:1  | Gargoyl the Ghoul Abyssal Knight began the quest for the Orb.
     0 | Abyss:1  | Reached XP level 1. HP: 19/19 MP: 1/1
   105 | Abyss:2  | Noticed a fire giant skeleton
   119 | Abyss:2  | Noticed an insubstantial wisp
   120 | Abyss:2  | Noticed an insubstantial wisp
   122 | D:1      | Escaped the Abyss
   248 | D:1      | Reached skill level 2 in Armour
   250 | D:1      | Reached XP level 2. HP: 23/26 MP: 2/2
   253 | D:1      | Reached * piety under Lugonu
   502 | D:1      | Reached skill level 1 in Dodging
   530 | D:1      | Reached XP level 3. HP: 33/33 MP: 3/3
   950 | D:2      | Noticed Jessica
   954 | D:2      | Killed Jessica
   954 | D:2      | Reached XP level 4. HP: 37/40 MP: 3/5
  1098 | D:1      | Reached XP level 5. HP: 14/46 MP: 6/6
  1335 | D:2      | Noticed Sigmund
  1350 | D:2      | Killed Sigmund
  1350 | D:2      | Reached skill level 3 in Armour
  1350 | D:2      | Reached XP level 6. HP: 43/53 MP: 7/7
  1361 | D:2      | Found a faded altar of an unknown god.
  1433 | D:2      | Found a faded altar of an unknown god.
  1433 | D:2      | Found a faded altar of an unknown god.
  1438 | D:2      | Found a faded altar of an unknown god.
  1440 | D:2      | Found a faded altar of an unknown god.
  1442 | D:2      | Found a sparkling altar of Nemelex Xobeh.
  1501 | D:2      | Found a snail-covered altar of Cheibriados.
  1701 | D:2      | Reached ** piety under Lugonu
  2721 | D:4      | Noticed Edmund
  2739 | D:4      | Killed Edmund
  2739 | D:4      | Reached XP level 7. HP: 26/60 MP: 7/9
  2918 | D:4      | Found an opulent altar of Gozag.
  2918 | D:4      | Found a blossoming altar of Fedhas.
  3098 | D:4      | Reached skill level 4 in Armour
  3845 | D:4      | Reached *** piety under Lugonu
  3937 | D:4      | Reached XP level 8. HP: 59/66 MP: 10/10
  4005 | D:5      | Entered Level 5 of the Dungeon
  4150 | D:5      | Reached skill level 5 in Axes
  4208 | D:5      | Reached skill level 5 in Armour
  4297 | D:5      | Reached skill level 5 in Fighting
  4486 | D:5      | Found a glowing golden altar of the Shining One.
  4707 | D:5      | Found a glowing silver altar of Zin.
  4709 | D:5      | Reached skill level 1 in Long Blades
  4730 | D:5      | Reached skill level 5 in Invocations
  5231 | D:6      | Found a basalt altar of Yredelemnul.
  5324 | D:6      | Found a staircase to the Ecumenical Temple.
  5403 | D:6      | Reached XP level 9. HP: 53/74 MP: 12/12
  5532 | D:6      | Reached skill level 6 in Armour
  5699 | D:6      | Found Uqemmir's Jewellery Shoppe.
  5711 | D:6      | Found a white marble altar of Elyvilon.
  5767 | D:6      | Found a shimmering altar of Xom.
  5816 | D:6      | Bought an uncursed ring of protection from magic for 350 gold pieces
  6022 | D:7      | Found Opallo's Food Shop.
  6084 | D:7      | Reached **** piety under Lugonu
  6214 | D:7      | Noticed Joseph
  6253 | D:7      | Noticed Kosschaser's ghost (novice TrMo)
  6274 | D:7      | Killed Joseph
  6472 | D:7      | Found Qyrr's Antique Armour Boutique.
  6575 | D:7      | Reached skill level 7 in Armour
  6605 | D:7      | Found a hazy altar of Hepliaklqana.
  6644 | D:7      | Found Paeleuzy's Magic Scroll Boutique.
  6739 | D:7      | Banished Kosschaser's ghost
  6739 | D:7      | Reached XP level 10. HP: 25/83 MP: 13/13
  6808 | D:7      | Found Cimmubb's Antique Armour Shoppe.
  7844 | D:8      | Found Nos Puha's Food Emporium.
  8246 | D:8      | Reached skill level 8 in Armour
  8614 | D:9      | You fall through a shaft!
  8614 | D:10     | Entered Level 10 of the Dungeon
  9280 | D:9      | Reached ***** piety under Lugonu
  9819 | D:9      | You fall through a shaft for 2 floors!
  9821 | D:11     | Found a staircase to the Lair.
  9944 | D:11     | Noticed Erolcha
  9945 | D:11     | Noticed a skeletal warrior
  9947 | D:11     | Noticed a skeletal warrior
  9948 | D:11     | Noticed a skeletal warrior
  9957 | D:10     | Noticed Fannar
  9989 | D:10     | Killed Fannar
  9989 | D:10     | Reached XP level 11. HP: 11/92 MP: 2/15
 10020 | D:10     | Reached skill level 9 in Armour
 10286 | D:10     | Banished a skeletal warrior
 11067 | D:9      | Found a deep blue altar of Sif Muna.
 11183 | D:10     | Banished a skeletal warrior
 11183 | D:10     | Reached skill level 5 in Long Blades
 11404 | D:11     | Banished a skeletal warrior
 12126 | D:11     | Noticed a four-headed hydra
 12138 | D:11     | Killed a one-headed hydra
 12183 | Lair:1   | Entered Level 1 of the Lair of Beasts
 12183 | Lair:1   | Noticed Erica
 12194 | Lair:1   | Noticed tschems's ghost (journeyman HuFi)
 12210 | Lair:1   | Banished tschems's ghost
 12219 | Lair:1   | Banished Erica
 12219 | Lair:1   | Reached skill level 10 in Armour
 12656 | Lair:1   | Noticed Naow's ghost (journeyman DECj)
 12670 | Lair:1   | Banished Naow's ghost
 13151 | Lair:1   | Noticed an eight-headed hydra
 13164 | Lair:1   | Banished a four-headed hydra
 13556 | Lair:1   | Reached XP level 12. HP: 54/101 MP: 17/17
 14807 | Lair:2   | Noticed an eight-headed hydra
 14820 | Lair:2   | Killed a one-headed hydra
 14998 | Lair:2   | Reached skill level 11 in Armour
 17159 | Lair:3   | Found a hole to the Spider Nest.
 17986 | Lair:3   | Reached skill level 10 in Invocations
 18272 | Lair:4   | Reached XP level 13. HP: 84/111 MP: 19/19
 18287 | Lair:4   | Found a staircase to the Shoals.
 18537 | D:7      | Bought a scroll of enchant weapon for 112 gold pieces
 18835 | Lair:4   | Reached skill level 10 in Axes
 19014 | Lair:4   | Reached skill level 12 in Armour
 19504 | Lair:5   | Noticed Nessos
 20304 | Lair:4   | Killed Nessos
 21097 | Lair:6   | Entered Level 6 of the Lair of Beasts
 21912 | Lair:6   | Found a staircase to the Slime Pits.
 22343 | Lair:6   | Upgraded the game from 0.19.4-25-g1b72edd to 0.19.5
 23023 | Lair:6   | Noticed a dire elephant
 23070 | Lair:6   | Noticed a dire elephant
 23071 | Lair:6   | Banished a dire elephant
 23375 | Lair:6   | Noticed a dire elephant
 23388 | Lair:6   | HP: 5/112 [spatial distortion (3)]
 23391 | Lair:6   | Banished a dire elephant
 23712 | Lair:6   | Banished a dire elephant
 23712 | Lair:6   | Reached XP level 14. HP: 60/118 MP: 14/21
 23925 | Lair:6   | Noticed a dire elephant
 23925 | Lair:6   | Noticed a dire elephant
 23951 | Lair:6   | Noticed a dire elephant
 24239 | D:11     | Demolished by a very large slime creature

Skill      XL: |  1  2  3  4  5  6  7  8  9 10 11 12 13 |
---------------+----------------------------------------+-----
Armour         | 2 3 4 5 7 8 10 11 12 | 12.9
Dodging        | 1 2 3 |  3.6
Axes           | 2 3 4 5 6 7 8 9 11 | 11.2
Fighting       | 4 5 6 7 9 |  9.7
Invocations    | 3 4 5 6 7 9 10 11 | 11.3
Long Blades    | 2 4 5 |  5.2
Throwing       | |  0.1

Action                   |  1- 3 |  4- 6 |  7- 9 | 10-12 | 13-15 || total
-------------------------+-------+-------+-------+-------+-------++-------
Melee: Hand axe          |    86 |   189 |   362 |   514 |       ||  1151
       Long sword        |       |       |   250 |   268 |       ||   518
       War axe           |       |       |       |   533 |       ||   533
       Battleaxe         |       |       |       |    55 |   409 ||   464
Throw: Tomahawk          |       |       |       |     2 |     4 ||     6
Invok: Depart the Abyss  |     1 |       |       |       |       ||     1
       Banish            |       |       |     1 |    19 |    14 ||    34
       Bend Space        |       |       |       |     1 |     2 ||     3
Evoke: Wand              |       |       |     2 |     1 |       ||     3
  Use: Scroll            |     2 |     7 |     8 |    13 |     7 ||    37
       Potion            |       |     1 |       |    13 |     4 ||    18
  Eat: Chunk             |     7 |    19 |    79 |   127 |    72 ||   304
       Meat ration       |       |       |       |     1 |     1 ||     2
Armor: Leather armour    |    40 |    49 |       |       |       ||    89
       Scale mail        |       |    19 |    56 |       |       ||    75
       Ring mail         |       |    17 |       |       |       ||    17
       Chain mail        |       |       |    86 |       |       ||    86
       Plate armour      |       |       |   345 |  1116 |   387 ||  1848
Dodge: Dodged            |    55 |   111 |   295 |   576 |   220 ||  1257
       Rpst.: Long sword |       |       |    36 |    30 |       ||    66
